 Dungeon Crawl Stone Soup version 0.28-a0-819-g6ef7baa362 (webtiles) character file.

Game seed: 15104158988078071768

13 Decritt the Skirmisher (level 2, 3/25 HPs)
             Began as a Palentonga Abyssal Knight on Nov 8, 2021.
             Was a Follower of Lugonu.
             Quit the game on level 1 of the Dungeon.
             The game lasted 00:02:34 (101 turns).

Decritt the Skirmisher (Palentonga Abyssal Knight)   Turns: 101, Time: 00:02:34

Health: 3/25       AC:  4    Str: 16    XL:     2   Next: 24%
Magic:  3/3        EV:  9    Int: 10    God:    Lugonu [*.....]
Gold:   0          SH:  0    Dex: 10    Spells: 1/1 levels left

rFire   . . .      SeeInvis +   a - +1 falchion
rCold   . . .      Faith    .   (no shield)
rNeg    . . .      Spirit   .   b - +0 leather armour
rPois   .          Reflect  .   (no helmet)
rElec   .          Harm     .   (no cloak)
rCorr   .          Rampage  .   (no gloves)
Will    .....                   (no barding)
Stlth   +.........              (no amulet)
HPRegen 0.08/turn               (no ring)
MPRegen 0.08/turn               (no ring)

@: no status effects
A: large, rugged brown scales 3, see invisible, deformed body, roll 1, armoured
tail
a: Rolling Charge, Renounce Religion, Depart the Abyss


You were on level 1 of the Dungeon.
You worshipped Lugonu.
Lugonu was aware of your devotion.
You visited 1 branch of the dungeon, and saw 1 of its levels.
You visited the Abyss 1 time.

Inventory:

Hand Weapons
 a - a +1 falchion (weapon)
Missiles
 c - 6 silver javelins
Armour
 b - a +0 leather armour (worn)
Scrolls
 d - 3 scrolls of teleportation {unknown}


   Skills:
 + Level 3.1 Fighting
 + Level 2.2 Long Blades
 + Level 1.7 Armour
 + Level 1.0 Dodging
 + Level 2.2 Invocations


You had one spell level left.
You didn't know any spells.
Your spell library contained the following spells:

 Spells                   Type           Power      Damage    Failure   Level
 Inner Flame              Hex/Fire       0%         N/A       80%         3
 Cause Fear               Hex            0%         N/A       99%         4
 Discord                  Hex            0%         N/A       100%        8


Dungeon Overview and Level Annotations

Branches:
Dungeon (1/15)

Altars:


Innate Abilities, Weirdness & Mutations

You are completely covered in rugged brown scales. (AC +3, +7% HP)
You have supernaturally acute eyesight. (SInv)
Armour fits poorly on your strangely shaped body.
You can roll at nearby foes to attack.
You have a long armoured tail.


Message History

The rat misses you. The dart slug bites you.
* * * LOW HITPOINT WARNING * * *
You hit the frilled lizard.
You kill the frilled lizard!
Lugonu accepts your kill.
The frilled lizard bites you but does no damage.
The rat bites you.
* * * LOW HITPOINT WARNING * * *
Found a bubbling yellow potion.
The frilled lizard bites you but does no damage.
The rat bites you but does no damage.
You see here a +0 club.
The dart slug launches a dart at you. The slug dart misses you.
The rat bites you but does no damage.
You are too injured to fight recklessly!
You are too injured to fight recklessly!
Roll where?
Press: ? - help, Dir - move target, f - rat
Aim: a rat You roll forward with a clatter of scales!
You slash the rat!
You kill the rat!
Lugonu accepts your kill.
The frilled lizard bites you but does no damage.
You slash the frilled lizard!
You kill the frilled lizard!
Lugonu accepts your kill.
You can now depart the Abyss.
The dart slug launches a dart at you. The slug dart hits you.
* * * LOW HITPOINT WARNING * * *
You see here a frilled lizard corpse.
The dart slug launches a dart at you.
The slug dart hits you but does no damage.
The dart slug launches a dart at you.
The slug dart hits you but does no damage.
You see here a hobgoblin corpse.
You see here a +0 dagger.
There is an escape hatch in the floor here.
Are you sure you want to abandon this character and quit the game? (Confirm with "yes".)

..........##..........
........)†....w.......
......................
.....#...#...†.....###
###( #...#....†.......
####.>.########..##.
#.............#.....
#.<........##.#.....
#..@..........#...#.
###############?....
..#.... .....#.#
...#.... .#... ....
... .


There were no monsters in sight!

Vanquished Creatures
  2 goblins (D:1)
  2 hobgoblins (D:1)
  3 jackals (D:1)
  A bat (D:1)
  2 frilled lizards (D:1)
  2 rats (D:1)
12 creatures vanquished.

Notes
Turn   | Place    | Note
-------+----------+-------------------------------------------
     0 | Abyss:1  | Decritt the Palentonga Abyssal Knight began the quest for
                  | the Orb.
     0 | Abyss:1  | Reached XP level 1. HP: 19/19 MP: 2/2
     6 | D:1      | Escaped the Abyss
    31 | D:1      | Reached skill level 1 in Dodging
    62 | D:1      | Reached XP level 2. HP: 15/25 MP: 3/3
    87 | D:1      | Reached * piety under Lugonu
   101 | D:1      | Quit the game

Illustrated notes

Levels and vault maps discovered:
D:1:      amcnicky_arrival_blooded_trapdoor, layout_rooms, serial_corexii_hall,
          corexii_hall_statues_x, corexii_hall_statues_deadend

Skill      XL: |  1 |
---------------+----+-----
Dodging        | 1 |  1.0
Fighting       | |  3.1
Long Blades    | |  2.2
Armour         | |  1.7
Invocations    | |  2.2

Action                   || total
-------------------------++-------
Melee: Falchion          ||    20
       Tailslap          ||     3
Invok: Depart the Abyss  ||     1
 Abil: Rolling Charge    ||     5
Armor: Leather armour    ||    15
Dodge: Dodged            ||     5

Table legend: (Time is in decaauts)
 A = Elapsed time spent in this place.
 B = Non-inter-level travel time spent in this place.
 C = Inter-level travel time spent in this place.
 D = Time resting spent in this place.
 E = Time spent auto-exploring this place.
 F = Levels seen in this place.
 G = Mean time per level.
                   A        B        C        D        E       F      G
               +--------+--------+--------+--------+--------+-----+--------+
         Total |    104 |    104 |      0 |      0 |     28 |   2 |   52.0 |
       Dungeon |     98 |     98 |      0 |      0 |     28 |   1 |   98.0 |
         Abyss |      6 |      6 |      0 |      0 |      0 |   1 |    6.0 |
               +--------+--------+--------+--------+--------+-----+--------+

Top non-repeatable levels by time:
     D:1: 98 daAuts
 Abyss:1: 6 daAuts
